 Dungeon Crawl Stone Soup version 0.13-a0-2531-g2ad9301 (webtiles) character file.

220 Kae the Firebug (level 3, -6/19 HPs)
             Began as a Tengu Fire Elementalist on July 26, 2013.
             Killed by nerve-wracking pain
             ... invoked by Jessica
              (7 damage)
             ... on Level 2 of the Dungeon.
             The game lasted 00:02:30 (1959 turns).

Kae the Firebug (Tengu Fire Elementalist)           Turns: 1959, Time: 00:02:30

HP  -6/19        AC  2     Str  8      XL: 3   Next: 93%
MP   4/7         EV 12     Int 16      God:
Gold 165         SH  0     Dex 14      Spells:  2 memorised,  2 levels left

Res.Fire  : . . .   See Invis. : .   l - +0 short sword
Res.Cold  : . . .   Warding    : .   a - +0 robe
Life Prot.: . . .   Conserve   : .   (no shield)
Res.Poison: .       Res.Corr.  : .   (helmet restricted)
Res.Elec. : .       Clarity    : .   (no cloak)
Sust.Abil.: . .     Spirit.Shd : .   (no gloves)
Res.Mut.  : .       Stasis     : .   (boots unavailable)
Res.Rott. : .       Flight     : .   (no amulet)
Saprovore : . . .                    (no ring)
                                     (no ring)

@: not resistant to hostile enchantments, fairly stealthy
A: beak, talons 3
a: no special abilities


You were on level 2 of the Dungeon.
You were not hungry.

You visited 1 branch of the dungeon, and saw 2 of its levels.

You collected 145 gold pieces.

Inventory:

Hand weapons
 l - a +0,+0 short sword (weapon)
Armour
 a - a +0 robe (worn)
Comestibles
 c - 2 bread rations
 m - 2 rotting chunks of hobgoblin flesh
Scrolls
 g - 2 scrolls of curse weapon {unknown}
 h - a scroll of random uselessness {unknown}
 i - 4 scrolls of identify {unknown}
 j - a scroll of enchant weapon I {unknown}
 n - a scroll of remove curse {unknown}
 o - a scroll of teleportation {unknown}
 p - a scroll of magic mapping {unknown}
Potions
 d - 2 potions of heal wounds {unknown}
 e - a potion of curing {unknown}
 f - a potion of agility {unknown}
 k - a potion of paralysis {unknown}
Books
 b - a book of Flames

   Spells                             Type                      Level
   *Flame Tongue                      Conjuration/Fire             1
   *Throw Flame                       Conjuration/Fire             2
   Conjure Flame                      Conjuration/Fire             3
   Inner Flame                        Hexes/Fire                   3
   Sticky Flame                       Conjuration/Fire             4
   Fireball                           Conjuration/Fire             5


   Skills:
 - Level 2.1 Dodging
 - Level 2.0 Stealth
 + Level 1.9 Spellcasting
 * Level 3.5 Conjurations
 + Level 3.7 Fire Magic


You had 2 spell levels left.
You knew the following spells:

 Your Spells              Type           Power        Failure   Level  Hunger
a - Flame Tongue          Conj/Fire      ##...        6%          1    #......
b - Throw Flame           Conj/Fire      ##....       10%         2    ###....


Dungeon Overview and Level Annotations

Branches:
Dungeon (2/27)

Altars:
Elyvilon

Annotations
D:2 Jessica


Innate Abilities, Weirdness & Mutations

You have a beak for a mouth.
You have claws for feet.


Message History

Confirm with . or Enter, or press ? or * to list all spells.
Aiming: Flame Tongue
Press: ? - help, Shift-Dir - straight line, f/p - adder
Aim: an adder (heavily wounded)
The flame misses the adder.
You feel yourself speed up. Pain shoots through your body! The adder bites you.
The adder bites you.
* * * LOW HITPOINT WARNING * * *
Casting: Flame Tongue
Confirm with . or Enter, or press ? or * to list all spells.
Aiming: Flame Tongue
Press: ? - help, Shift-Dir - straight line, f/p - adder
Aim: an adder (heavily wounded)
The flame hits the adder.
You kill the adder!
Pain shoots through your body!
* * * LOW HITPOINT WARNING * * *
You hear some strange, mumbled words.
Pain shoots through your body!
You die...

##. +............#
..S #............#
##. #............# ♣
#...........## ....
######)...### ....#
##..#### ###....#
#+####### #....#
##.#...#### ........#
#....# #.....K....
........+
#...@######..........
........#
#....'K..##..{...S..S
........#
+....###..(..(_......
........# #>...#
####.....(....
........# #....#
#.......... #########
#....# ###.####### #
#....# #.# # ##'###
#.# ###### #. #.#


You could see a kobold.

Vanquished Creatures
  2 adders
  A worm (D:2)
  A ball python (D:2)
  4 giant cockroaches
  3 goblins (D:1)
  7 hobgoblins
  2 kobolds (D:2)
  A bat (D:1)
  3 giant newts
  2 jackals (D:1)
  4 rats (D:1)
30 creatures vanquished.

Notes
Turn   | Place    | Note
--------------------------------------------------------------
     0 | D:1      | Kae, the Tengu Fire Elementalist, began the quest for the Orb.
     0 | D:1      | Reached XP level 1. HP: 10/10 MP: 3/3
   202 | D:1      | Reached XP level 2. HP: 7/15 MP: 1/5
   748 | D:1      | Reached XP level 3. HP: 19/19 MP: 5/7
  1934 | D:2      | Learned a level 2 spell: Throw Flame
  1938 | D:2      | Found a white marble altar of Elyvilon.
  1944 | D:2      | Noticed Jessica
  1959 | D:2      | Killed from afar by Jessica

Action                   || total
-------------------------++-------
Melee: Unarmed           ||    24
       Short sword       ||     3
 Cast: Flame Tongue      ||    52
